 Dungeon Crawl Stone Soup version 0.29-a0-284-gf9362112df (webtiles) character file.

Game seed: 15415346328994094440

660 spaghetti the Fighter (level 7, -1/87 HPs)
             Began as an Ogre Transmuter on Mar 23, 2022.
             Was a Believer of Ru.
             Slain by an orc wizard
             ... wielding a +0 scimitar
              (9 damage)
             ... on level 5 of the Dungeon.
             The game lasted 00:14:40 (4753 turns).

spaghetti the Fighter (Ogre Transmuter)             Turns: 4753, Time: 00:14:41

Health: -1/87      AC:  3    Str: 13 (15) XL:     7   Next: 56%
Magic:  10/10      EV:  9    Int: 16      God:    Ru [**....]
Gold:   238        SH:  0    Dex:  9      Spells: 7/10 levels left

rFire   . . .      SeeInvis .   j - +3 short sword {short}
rCold   . . .      Faith    .   (no shield)
rNeg    . . .      Spirit   .   a - +0 robe
rPois   .          Reflect  .   (helmet restricted)
rElec   .          Harm     .   (no cloak)
rCorr   .          Rampage  .   (gloves unavailable)
Will    .....                   (boots unavailable)
Stlth   +.........              (no amulet)
HPRegen 1.04/turn               (no ring)
MPRegen 0.12/turn               (no ring)

@: about to teleport, hasted, very quick
A: large, unfitting armour, tough skin 1, inability to use devices, horns 1,
deterioration 1, regeneration 1, noise suppression
a: Renounce Religion


You were on level 5 of the Dungeon.
You worshipped Ru.
Ru was pleased with you.
You visited 1 branch of the dungeon, and saw 5 of its levels.

You collected 238 gold pieces.


Innate Abilities, Weirdness & Mutations

You are too large for most types of armour.
You have tough skin. (AC +1)
You cannot study or use magical devices.
You have a pair of small horns on your head.
Your body sometimes deteriorates upon taking damage.
Your natural rate of healing is unusually fast.
You passively dampen the noise of your surroundings.


   Skills:
 + Level 10.5 Fighting
 - Level 1.7 Dodging
 - Level 2.6 Unarmed Combat
 - Level 2.4 Spellcasting
 - Level 1.7 Transmutations


You had 7 spell levels left.
You knew the following spells:

 Your Spells              Type           Power      Damage    Failure   Level
a - Beastly Appendage     Tmut           14%        N/A       10%         1
b - Wereblood             Tmut           7%         N/A       14%         2

Your spell library contained the following spells:

 Spells                   Type           Power      Damage    Failure   Level
 Spider Form              Tmut/Pois      4%         N/A       38%         3
 Ice Form                 Ice/Tmut       4%         N/A       80%         4

Inventory:

Hand Weapons
 d - a +0 mace {mace}
   (You found it on level 1 of the Dungeon)
 h - a +2 falchion of holy wrath {long}
   (You found it on level 2 of the Dungeon)
 j - a +3 short sword (weapon) {short}
   (You took it off a kobold on level 1 of the Dungeon)
Missiles
 c - 112 stones {throwing}
 e - 5 boomerangs {throwing}
 n - 2 throwing nets {=f!fthrowing}
 p - 4 large rocks {=fthrowing}
 s - 2 boomerangs of dispersal {=f!fthrowing}
Armour
 a - a +0 robe (worn)
Scrolls
 f - a scroll of immolation {!r!r}
 i - 2 scrolls of noise {!r}
 o - a scroll of identify {@r1}
Potions
 l - 3 potions of degeneration {!q@e2}
 m - 2 potions of flight

Dungeon Overview and Level Annotations

Branches:
Dungeon (5/15)             Temple (0/1) D:4

Altars:
Hepliaklqana
Ru
Xom

#######
###########!......
####........@{$.#
#####.##.#########..#
#≈≈≈≈≈...# ...#
≈≈≈.≈≈≈.≈# .....
≈≈≈≈≈≈≈≈≈###. .......
≈≈≈≈≈≈≈≈......
......#
####†≈≈≈......
.....## #.≈≈≈≈..##h.#
..#..# #.≈≈≈.......#
.


There were no monsters in sight!


Message History

😨 HP[+1]
You swing at nothing.
Something hits you but does no damage. 😨 HP[+1]
You swing at nothing. 😮 HP[+2]
You regained 2 hp, and now have 67/130 hp.
You swing at nothing. 😮 HP[+1]
You swing at nothing. 😮 HP[+1]
You swing at nothing. 😮 HP[+1]
You swing at nothing. 😮 HP[+1]
You swing at nothing. 😮 HP[+2]
You regained 2 hp, and now have 73/130 hp.
You cannot move.
You cannot move.
You swing at nothing. 😮 HP[+1]
You hit the orc wizard.
The orc wizard hits you but does no damage. 😮 HP[+1]
You hit the orc wizard.
The orc wizard seems less confused.
The orc wizard completely misses you. 😮 HP[+1]
You hit the orc wizard.
The orc wizard gestures at you while chanting.
You easily resist.
The orc wizard gestures at you while chanting.
You are confused. 😮 HP[+2]
You regained 2 hp, and now have 78/130 hp.
You cannot move. (Use ctrl+direction or * direction to attack without moving.)
You attack the rock wall.
Your transformation is almost over.
The orc wizard hits you but does no damage. 😮 HP[+1]
You attack the rock wall.
The orc wizard hits you with a +0 scimitar. 😮 HP[-2]
You take 2 damage, and now have 77/130 hp.
You swing at nothing.
The orc wizard casts a spell at you.
You are more confused. 😮 HP[+1]
You attack the rock wall.
The orc wizard completely misses you. 😮 HP[+1]
You swing at nothing.
The orc wizard mumbles some strange words.
The orc wizard flickers and vanishes! 😮 HP[+2]
You regained 2 hp, and now have 81/130 hp.
You attack the rock wall.
Something hits you.
You swing at nothing.
Something hits you! 😮 HP[-6]
You take 6 damage, and now have 75/130 hp.
You swing at nothing.
You feel less wooden.
Your +0 robe unmelds from your body.
Something hits you!
* * * LOW HITPOINT WARNING * * *
😨 HP[-32]
You now have 87 max hp (-43).
You're too confused to attack without stumbling around!
You see here a black bear corpse. 😮 HP[+1]
You bump into the rock wall.
Something hits you!
* * * LOW HITPOINT WARNING * * *
😨 HP[-7]
You take 7 damage, and now have 37/87 hp.
You're too confused to move!
Something hits you!
* * * LOW HITPOINT WARNING * * *
😨 HP[-10]
You take 10 damage, and now have 27/87 hp.
You're too confused to move!
You feel less confused. 😨 HP[+1]
You barely miss something. Something hits you!
* * * LOW HITPOINT WARNING * * *
😨 HP[-6]
You take 6 damage, and now have 22/87 hp.
You feel yourself speed up.
You redirect something's attack!
Something hits you.
* * * LOW HITPOINT WARNING * * *
😱 HP[-5]
You take 5 damage, and now have 17/87 hp.
Okay, then.
Okay, then.
As you read the scroll of teleportation {@r4}, it crumbles to dust.
You feel strangely unstable. Something hits you!
* * * LOW HITPOINT WARNING * * *
Your body deteriorates!
You feel weakened. 😱 HP[-10]
You take 10 damage, and now have 7/87 hp.
You hit something. Something hits you!
You die...

Skill      XL: |  1  2  3  4  5  6  7 |
---------------+----------------------+-----
Fighting       | 2 3 5 6 7 9 10 | 10.5
Dodging        | |  1.7
Unarmed Combat | |  2.6
Spellcasting   | |  2.4
Transmutations | |  1.7

Action                   |  1- 3 |  4- 6 |  7- 9 || total
-------------------------+-------+-------+-------++-------
Melee: Mace              |    56 |       |       ||    56
       Kick              |     8 |    28 |     8 ||    44
       Unarmed           |     1 |       |       ||     1
       Headbutt          |     5 |    19 |    10 ||    34
       Punch             |     1 |     3 |     2 ||     6
       Short sword       |    43 |   222 |    56 ||   321
 Cast: Beastly Appendage |    22 |    20 |     3 ||    45
       Wereblood         |       |     1 |     1 ||     2
Invok: Sacrifice Artific |       |     1 |       ||     1
  Use: Scroll            |     1 |     7 |     1 ||     9
       Potion            |     3 |     4 |     3 ||    10
Armor: Robe              |    44 |    47 |    17 ||   108
       Skin              |       |    16 |    35 ||    51
Dodge: Dodged            |    63 |   120 |    32 ||   215

Levels and vault maps discovered:
D:1:      psy_arrival_terrarium, layout_basic
D:2:      layout_loops_ring
D:3:      layout_basic, nicolae_ru_sacrificial_ziggurat,
          worldfamousw_hep_ancestral_shrine, ebering_ecumenical_altar_mist,
          serial_bayou_lagoon_a, uniq_terence
D:4:      layout_loops_cross, xom_teletrap_fun,
          minmay_temple_entry_statues_fountains, uniq_natasha
D:5:      wander_river, layout_loops_ring, chequers_serial_rivers_large_a,
          hangedman_abyss_or_decor_stagger

Notes
Turn   | Place    | Note
-------+----------+-------------------------------------------
     0 | D:1      | spaghetti the Ogre Transmuter began the quest for the Orb.
     0 | D:1      | Reached XP level 1. HP: 19/19 MP: 3/3
     0 | D:1      | magus.rc [v1.9.6]
   106 | D:1      | Reached skill level 2 in Fighting
   371 | D:1      | Reached XP level 2. HP: 29/29 MP: 5/5
   831 | D:1      | Reached skill level 3 in Fighting
  1247 | D:1      | Reached XP level 3. HP: 28/39 MP: 6/6
  1353 | D:1      | Reached skill level 4 in Fighting
  1570 | D:2      | Gained mutation: Your body sometimes deteriorates upon
                  | taking damage. [potion of mutation]
  1570 | D:2      | Gained mutation: You are frail. (-10% HP) [potion of
                  | mutation]
  1570 | D:2      | Gained mutation: You expend magic power (3 MP) to
                  | strengthen your wands. [potion of mutation]
  1570 | D:2      | Gained mutation: Your natural rate of healing is unusually
                  | fast. [potion of mutation]
  2148 | D:2      | Reached skill level 5 in Fighting
  2148 | D:2      | Reached XP level 4. HP: 42/45 MP: 5/7
  2263 | D:3      | Noticed Terence
  2280 | D:3      | Killed Terence
  2440 | D:3      | Reached skill level 6 in Fighting
  2588 | D:3      | Found a sacrificial altar of Ru.
  2602 | D:3      | Reached XP level 5. HP: 53/53 MP: 6/8
  2607 | D:3      | Became a worshipper of Ru the Awakened
  2784 | D:3      | Found a hazy altar of Hepliaklqana.
  2936 | D:3      | Found a faded altar of an unknown god.
  3166 | D:4      | Noticed Natasha
  3175 | D:4      | Killed Natasha
  3248 | D:4      | Noticed Natasha
  3255 | D:4      | Killed Natasha
  3256 | D:4      | Reached skill level 7 in Fighting
  3271 | D:4      | Noticed Natasha
  3295 | D:4      | Killed Natasha
  3336 | D:4      | Reached XP level 6. HP: 55/63 MP: 7/9
  3407 | D:4      | Found a staircase to the Ecumenical Temple.
  3481 | D:4      | Reached skill level 8 in Fighting
  3483 | D:4      | Lost mutation: You expend magic power (3 MP) to strengthen
                  | your wands. [potion of mutation]
  3483 | D:4      | Lost mutation: You are frail. (-10% HP) [potion of
                  | mutation]
  3483 | D:4      | Gained mutation: You are clumsy. (Dex -2) [potion of
                  | mutation]
  3483 | D:4      | Gained mutation: You have a pair of large horns on your
                  | head. [potion of mutation]
  3483 | D:4      | Lost mutation: You are clumsy. (Dex -2) [potion of
                  | mutation]
  3483 | D:4      | Gained mutation: You passively dampen the noise of your
                  | surroundings. [potion of mutation]
  3783 | D:4      | Found a shimmering altar of Xom.
  3818 | D:4      | You pick up a book of Changes and begin reading...
  4062 | D:5      | Entered Level 5 of the Dungeon
  4062 | D:5      | Noticed a water moccasin
  4094 | D:5      | Noticed a water moccasin
  4118 | D:5      | Killed a water moccasin
  4119 | D:5      | Reached skill level 9 in Fighting
  4372 | D:4      | Learned a level 2 spell: Wereblood
  4505 | D:5      | Gained mutation: You cannot study or use magical devices.
                  | [Ru sacrifice]
  4505 | D:5      | Reached * piety under Ru
  4505 | D:5      | Reached ** piety under Ru
  4523 | D:5      | Reached XP level 7. HP: 75/83 MP: 8/10
  4651 | D:5      | Reached skill level 10 in Fighting
  4696 | D:5      | HP: 20/85 [black bear (2)]
  4708 | D:5      | magus.rc [v1.9.6]
  4751 | D:5      | HP: 17/87 [something (6)]
  4752 | D:5      | HP: 7/87 [something (10)]
  4753 | D:5      | Slain by an orc wizard

Vanquished Creatures
  A water moccasin (D:5)
  A black bear (D:5)
  A necrophage (D:5)
  A hound (D:5)
  2 iguanas
  Terence (D:3)
  Natasha (thrice) (D:4)
  10 adders
  3 gnolls (D:4)
  An ufetubus (D:4)
  3 worms
  A dart slug (D:1)
  8 orcs
  6 bats
  10 endoplasms
  5 giant cockroaches
  5 goblins
  7 hobgoblins
  2 quokkas
  8 ball pythons
  3 frilled lizards
  5 kobolds
  6 rats
93 creatures vanquished.

Table legend:
 A = Non-vault XP
 B = Vault XP
 C = Vault XP percentage of total XP
 D = Non-vault monster count
 E = Vault monster count
 F = Vault count percentage of total count
                 A         B        C        D         E       F
            +---------+---------+-------+---------+---------+-------
      Total |     873 |      71 |   7.5 |      91 |       2 |   2.2
            +---------+---------+-------+---------+---------+-------
        D:1 |      44 |       0 |   0.0 |      26 |       0 |   0.0
        D:2 |      39 |       0 |   0.0 |      14 |       0 |   0.0
        D:3 |      77 |      36 |  31.9 |      19 |       1 |   5.0
        D:4 |     222 |      35 |  13.6 |      18 |       1 |   5.3
        D:5 |     491 |       0 |   0.0 |      14 |       0 |   0.0
            +---------+---------+-------+---------+---------+-------

Illustrated notes

Table legend:
 A = Kills in this place as a percentage of kills in entire the game.
 B = Kills by you in this place as a percentage of kills by you in the entire game.
 C = Kills by friends in this place as a percentage of kills by friends in the entire game.
 D = Other kills in this place as a percentage of other kills in the entire game.
 E = Experience gained in this place as a percentage of experience gained in the entire game.
 F = Experience gained in this place divided by the number of levels of this place that you have seen.
                   A       B       C       D       E      F
               +-------+-------+-------+-------+-------+----------------------
         Total | 100.0 | 100.0 |   N/A |   N/A | 100.0 | 188.8
       Dungeon | 100.0 | 100.0 |   N/A |   N/A | 100.0 | 188.8
               +-------+-------+-------+-------+-------+----------------------

Table legend: (Time is in decaauts)
 A = Elapsed time spent in this place.
 B = Non-inter-level travel time spent in this place.
 C = Inter-level travel time spent in this place.
 D = Time resting spent in this place.
 E = Time spent auto-exploring this place.
 F = Levels seen in this place.
 G = Mean time per level.
                   A        B        C        D        E       F      G
               +--------+--------+--------+--------+--------+-----+--------+
         Total |   4806 |   4657 |    149 |    390 |   3230 |   5 |  961.2 |
       Dungeon |   4806 |   4657 |    149 |    390 |   3230 |   5 |  961.2 |
               +--------+--------+--------+--------+--------+-----+--------+

Top non-repeatable levels by time:
     D:1: 1580 daAuts
     D:4: 989 daAuts
     D:3: 898 daAuts
     D:2: 708 daAuts
     D:5: 629 daAuts
